Workbook

Sheet BKK IO
C1: 3Bangkok | D1: 3Bangkok | E1: 3Bangkok | F1: 3Bangkok | G1: 3Bangkok | H1: 3Bangkok | I1: 3Bangkok | J1: 3Bangkok | K1: 3Bangkok | L1: 3Bangkok | M1: 3Bangkok | N1: 3Bangkok | O1: 3Bangkok | P1: 3Bangkok | Q1: 3Bangkok | R1: 3Bangkok | S1: 3Bangkok | T1: 3Bangkok | U1: 3Bangkok | V1: 3Bangkok | W1: 3Bangkok | X1: 3Bangkok | Y1: 3Bangkok | Z1: 3Bangkok | AA1: 3Bangkok | AB1: 3Bangkok | AC1: 3Bangkok | AD1: 3Bangkok
C2: 1Agriculture | D2: 2Mining and Quarrying | E2: 3Food Manufacturing | F2: 4Textile Industry | G2: 5Saw Mills and Wood Products | H2: 6Paper and Paper Products | I2: 7Printing and Publishing | J2: 8Chemical Industries | K2: 9Petroleum Refineries | L2: 10Rubber and Plastic Products | M2: 11Non-metallic Products | N2: 12Basic Metal | O2: 13Fabricated Metal Products | P2: 14Electrical Machinery and Apparatus | Q2: 15Industrial Machinery | R2: 16Motor Vehcile | S2: 17Other Transportation Equipment | T2: 18Other Manufacturing Products | U2: 19Electricity and Water Works | V2: 20Construction | W2: 21Trade and Transport, Communication | X2: 22Accomodation and food service activities | Y2: 23Banking and Insurance | Z2: 24Other Services | AA2: 1Private Consumption Expenditure | AB2: 2Government Consumption Expenditure | AC2: 3Gross Fixed Capital Formation | AD2: 4Increase in Stock | AE2: Export | AF2: TOTAL
A3: 3Bangkok | B3: 1Agriculture | C3: 43825.676 | D3: 0 | E3: 6478691.7 | F3: 428759.54 | G3: 178335.37 | H3: 44345.477 | I3: 0 | J3: 194664.24 | K3: 0.91511771 | L3: 829715.23 | M3: 7519.6446 | N3: 489.17259 | O3: 254.28686 | P3: 0 | Q3: 0 | R3: 0 | S3: 1184.9887 | T3: 54767.118 | U3: 3820.6835 | V3: 55334.627 | W3: 34593.206 | X3: 3951125.2 | Y3: 17105.074 | Z3: 358289.36 | AA3: 3588297.7 | AB3: 21076.214 | AC3: 95590.022 | AD3: -10890553 | AE3: 238550.87 | AF3: =SUM(C3:AE3) -> 5735783.3
A4: 3Bangkok | B4: 2Mining and Quarrying | C4: 216.44887 | D4: 0 | E4: 105668.28 | F4: 14992.705 | G4: 1791.1427 | H4: 61536.518 | I4: 0 | J4: 1850614.2 | K4: 44885610 | L4: 15335.86 | M4: 2710477.9 | N4: 1252448 | O4: 6659.4147 | P4: 8707.8885 | Q4: 32338.22 | R4: 76348.414 | S4: 17270.687 | T4: 755844.22 | U4: 16137995 | V4: 6809102.9 | W4: 6392.3387 | X4: 2056.6914 | Y4: 0 | Z4: 205841.25 | AA4: 12614.544 | AB4: 0 | AC4: 9443.7412 | AD4: -74979307 | AE4: 0 | AF4: =SUM(C4:AE4) -> 0
A5: 3Bangkok | B5: 3Food Manufacturing | C5: 138747.31 | D5: 0 | E5: 38430982 | F5: 30679.844 | G5: 1204.0348 | H5: 111920.04 | I5: 352.20573 | J5: 919001.51 | K5: 17398.154 | L5: 4581.3365 | M5: 49147.939 | N5: 0 | O5: 0 | P5: 1649.6283 | Q5: 0 | R5: 0 | S5: 920.15687 | T5: 1515418.7 | U5: 0 | V5: 0 | W5: 2443071.2 | X5: 49274711 | Y5: 205344.79 | Z5: 3432346.2 | AA5: 38001089 | AB5: 471469.57 | AC5: 0 | AD5: 1.2255618e+08 | AE5: 90097520 | AF5: =SUM(C5:AE5) -> 3.4770373e+08
A6: 3Bangkok | B6: 4Textile Industry | C6: 3178.51 | D6: 0 | E6: 85043.939 | F6: 55200594 | G6: 43773.762 | H6: 10978.851 | I6: 28672.585 | J6: 1063770.1 | K6: 1355.9152 | L6: 465605.56 | M6: 56756.591 | N6: 13102.592 | O6: 11929.506 | P6: 91431.616 | Q6: 15685.362 | R6: 78440.768 | S6: 282743.04 | T6: 3654741.5 | U6: 14906.037 | V6: 76422.2 | W6: 3483946.5 | X6: 2050925.1 | Y6: 993366.66 | Z6: 1613678.4 | AA6: 17830201 | AB6: 44250.376 | AC6: 736937.32 | AD6: 87246050 | AE6: 76869048 | AF6: =SUM(C6:AE6) -> 2.5206754e+08
A7: 3Bangkok | B7: 5Saw Mills and Wood Products | C7: 2785.5269 | D7: 0 | E7: 25182.106 | F7: 13921.238 | G7: 2931495.9 | H7: 4456.026 | I7: 1045.7615 | J7: 85346.075 | K7: 123.04814 | L7: 11426.755 | M7: 34083.331 | N7: 7779.3054 | O7: 106319.72 | P7: 72283.627 | Q7: 48190.788 | R7: 59709.171 | S7: 145480.53 | T7: 317842.3 | U7: 343.85831 | V7: 2317747.2 | W7: 858318.52 | X7: 85578.871 | Y7: 63788.64 | Z7: 319486.6 | AA7: 1885657.9 | AB7: 87036.791 | AC7: 8369201 | AD7: 4266758.9 | AE7: 7518160.2 | AF7: =SUM(C7:AE7) -> 29639550
A8: 3Bangkok | B8: 6Paper and Paper Products | C8: 829.64173 | D8: 0 | E8: 733985.28 | F8: 562351.66 | G8: 76126.131 | H8: 11151877 | I8: 3892354.1 | J8: 746706.76 | K8: 10595.305 | L8: 53736.461 | M8: 142761.58 | N8: 53334.177 | O8: 44677.443 | P8: 178616.76 | Q8: 34071.901 | R8: 143246.7 | S8: 102049.89 | T8: 739971.82 | U8: 35494.84 | V8: 73670.556 | W8: 1550274.5 | X8: 271567.91 | Y8: 5057026.3 | Z8: 3665942.1 | AA8: 564809.42 | AB8: 1323980.4 | AC8: 0 | AD8: 7303316 | AE8: 8269398.5 | AF8: =SUM(C8:AE8) -> 46782773
A9: 3Bangkok | B9: 7Printing and Publishing | C9: 294.70056 | D9: 0 | E9: 40908.208 | F9: 23925.771 | G9: 5783.7926 | H9: 2000.9102 | I9: 9466057.5 | J9: 39804.734 | K9: 650.36413 | L9: 14618.653 | M9: 12365.145 | N9: 21739.121 | O9: 17110.967 | P9: 26910.653 | Q9: 20434.638 | R9: 62949.763 | S9: 30683.04 | T9: 49017.407 | U9: 34113.907 | V9: 30620.116 | W9: 4329665.4 | X9: 303091.11 | Y9: 1087409.9 | Z9: 9787830.2 | AA9: 3444712.2 | AB9: 308428.78 | AC9: 0 | AD9: 3424857.6 | AE9: 5245774.5 | AF9: =SUM(C9:AE9) -> 37831759
A10: 3Bangkok | B10: 8Chemical Industries | C10: 310888.97 | D10: 0 | E10: 3324582.4 | F10: 9671546.5 | G10: 754640.81 | H10: 1532318 | I10: 2800971.1 | J10: 1.434779e+08 | K10: 642692.07 | L10: 10774525 | M10: 2441918.6 | N10: 899705.84 | O10: 1025337.8 | P10: 2837291.6 | Q10: 640286.88 | R10: 1780890.2 | S10: 2273817.6 | T10: 7929861.9 | U10: 354662.47 | V10: 2954022.9 | W10: 2312825 | X10: 2699699.3 | Y10: 1375580.2 | Z10: 19955442 | AA10: 22357470 | AB10: 764615.58 | AC10: 0 | AD10: 60653391 | AE10: 85370741 | AF10: =SUM(C10:AE10) -> 3.9191762e+08
A11: 3Bangkok | B11: 9Petroleum Refineries | C11: 82372.491 | D11: 0 | E11: 1359956.6 | F11: 863788.7 | G11: 74040.973 | H11: 142400.48 | I11: 69940.083 | J11: 2327737.2 | K11: 13994799 | L11: 386816.28 | M11: 899149.82 | N11: 762884.13 | O11: 271623.77 | P11: 334127.32 | Q11: 496226.61 | R11: 211243.85 | S11: 704683.77 | T11: 535924.31 | U11: 4328551.9 | V11: 1880037.7 | W11: 69828750 | X11: 3149887 | Y11: 942074.11 | Z11: 3906033.2 | AA11: 10633042 | AB11: 1950086.8 | AC11: 0 | AD11: 39275856 | AE11: 28850748 | AF11: =SUM(C11:AE11) -> 1.8826278e+08
A12: 3Bangkok | B12: 10Rubber and Plastic Products | C12: 16181.561 | D12: 0 | E12: 1381721.5 | F12: 1092190 | G12: 260818.22 | H12: 91153.887 | I12: 257382.11 | J12: 934333.12 | K12: 16211.216 | L12: 8870387.7 | M12: 73211.183 | N12: 38781.178 | O12: 257625.01 | P12: 1496279.1 | Q12: 130471.98 | R12: 1285300.8 | S12: 2104393.5 | T12: 2893050.9 | U12: 43323.093 | V12: 1193574.2 | W12: 10998430 | X12: 569631.55 | Y12: 116832 | Z12: 1524249.3 | AA12: 2563029.4 | AB12: 3147.2664 | AC12: 531371.34 | AD12: 1711156.5 | AE12: 35827773 | AF12: =SUM(C12:AE12) -> 76282010
A13: 3Bangkok | B13: 11Non-metallic Products | C13: 1049.955 | D13: 0 | E13: 575958.21 | F13: 7103.1371 | G13: 29867.219 | H13: 2021.2326 | I13: 64.546266 | J13: 190791.58 | K13: 2.6836752 | L13: 2191.0314 | M13: 2784776 | N13: 22707.935 | O13: 37628.868 | P13: 676379.38 | Q13: 121331.37 | R13: 158528.51 | S13: 142898.6 | T13: 679109.95 | U13: 2516.8027 | V13: 15607185 | W13: 193215.34 | X13: 383178.94 | Y13: 21624.901 | Z13: 478461.08 | AA13: 853555.09 | AB13: 76162.616 | AC13: 1891222.4 | AD13: 15812252 | AE13: 8320955 | AF13: =SUM(C13:AE13) -> 49072740
A14: 3Bangkok | B14: 12Basic Metal | C14: 87.575278 | D14: 0 | E14: 185659.42 | F14: 13262.195 | G14: 69954.043 | H14: 302.9869 | I14: 53286.446 | J14: 38513.97 | K14: 676.33664 | L14: 39250.435 | M14: 542635.73 | N14: 67398883 | O14: 12397594 | P14: 6175149.3 | Q14: 2856146.4 | R14: 6819759.7 | S14: 7582246 | T14: 15688828 | U14: 1698.8789 | V14: 13961560 | W14: 97306.624 | X14: 3989.9376 | Y14: 0 | Z14: 1109816.5 | AA14: 0 | AB14: 10.563421 | AC14: 564720.83 | AD14: -2290138.1 | AE14: 18463262 | AF14: =SUM(C14:AE14) -> 1.5177446e+08
... A26: 3Bangkok | B26: 24Other Services | C26: 14945.949 | D26: 0 | E26: 3970778.1 | F26: 3111763.1 | G26: 225222.66 | H26: 639844.08 | I26: 452808.53 | J26: 2434853.9 | K26: 251120.21 | L26: 469735.43 | M26: 964405.69 | N26: 319181.83 | O26: 329894.25 | P26: 1109180.5 | Q26: 250860.53 | R26: 1144534.6 | S26: 1245854.5 | T26: 2064365.5 | U26: 1660093.6 | V26: 2952704.8 | W26: 38709240 | X26: 7256752.1 | Y26: 11753014 | Z26: 70207942 | AA26: 45137360 | AB26: 98672299 | AC26: 0 | AD26: 2.5088275e+08 | AE26: 48855542 | AF26: =SUM(C26:AE26) -> 5.9508705e+08
A27: 1Wages and Salaries | B27: 1Wages and Salaries | C27: 659533.55 | D27: 0 | E27: 17911615 | F27: 19966976 | G27: 2845077.7 | H27: 2376643.8 | I27: 1956261.4 | J27: 16690100 | K27: 2876121.1 | L27: 3558518.7 | M27: 3443088 | N27: 3766369.3 | O27: 3544192.1 | P27: 7253697.2 | Q27: 3029162.5 | R27: 3473823.4 | S27: 10045400 | T27: 18827250 | U27: 20923117 | V27: 17657025 | W27: 3.2293379e+08 | X27: 43364673 | Y27: 66063067 | Z27: 2.2411681e+08
A28: 2Operating Surplus | B28: 2Operating Surplus | C28: 1661137.4 | D28: 0 | E28: 33488765 | F28: 27997882 | G28: 3481791.4 | H28: 5091796.2 | I28: 3235544 | J28: 28316575 | K28: 5078765.3 | L28: 4613833.3 | M28: 6813270.1 | N28: 5431854.6 | O28: 6598542.4 | P28: 16112656 | Q28: 4216247.6 | R28: 7960593.9 | S28: 13183691 | T28: 26781743 | U28: 17219262 | V28: 17428179 | W28: 6.7329977e+08 | X28: 80449930 | Y28: 97325398 | Z28: 66714485
A29: 3Depreciation | B29: 3Depreciation | C29: 152018.23 | D29: 0 | E29: 8210926.7 | F29: 8286896.9 | G29: 884093.11 | H29: 1084814 | I29: 874821.26 | J29: 5753897.7 | K29: 2358518.6 | L29: 1720947.4 | M29: 2541654.7 | N29: 1691396.2 | O29: 1228662.6 | P29: 5482814.7 | Q29: 1684343 | R29: 2239775 | S29: 3880547.8 | T29: 5820223.1 | U29: 16054702 | V29: 9621660.5 | W29: 1.2730256e+08 | X29: 21380408 | Y29: 20073140 | Z29: 53737078
A30: 4Indirect Taxes less Subsidies',Output | B30: 4Indirect Taxes less Subsidies',Output | C30: 1366945.4 | D30: 0 | E30: 62262091 | F30: 32021455 | G30: 7050734 | H30: 9074978.1 | I30: 6247868.1 | J30: 1.0534552e+08 | K30: 38323143 | L30: 13420646 | M30: 7617646.1 | N30: 11238681 | O30: 6720436.9 | P30: 32320874 | Q30: 15679189 | R30: 9168394.6 | S30: 14675990 | T30: 41427185 | U30: 5013706 | V30: 1391005.8 | W30: -1.2165769e+09 | X30: 19045794 | Y30: 14613972 | Z30: 18283020
B31: Import | C31: 1112265.3 | D31: 0 | E31: 1.5480859e+08 | F31: 77607282 | G31: 9144372.9 | H31: 13627331 | I31: 7599121.1 | J31: 70036026 | K31: 78929133 | L31: 28281564 | M31: 14191746 | N31: 55267140 | O31: 24556144 | P31: 1.1824603e+08 | Q31: 35784487 | R31: 49345298 | S31: 46321807 | T31: 83182740 | U31: 39243721 | V31: 76349843 | W31: 2.1039884e+08 | X31: 1.4929577e+08 | Y31: 19405932 | Z31: 67817628
B32: TOTAL | C32: =SUM(C3:C31) -> 5735783.3 | D32: =SUM(D3:D31) -> 0 | E32: =SUM(E3:E31) -> 3.4770373e+08 | F32: =SUM(F3:F31) -> 2.5206754e+08 | G32: =SUM(G3:G31) -> 29639550 | H32: =SUM(H3:H31) -> 46782773 | I32: =SUM(I3:I31) -> 37831759 | J32: =SUM(J3:J31) -> 3.9191762e+08 | ... Z32: =SUM(Z3:Z31) -> 5.9508705e+08
B33: TOTAL | C33: {=TRANSPOSE(AF3:AF26)} -> 5735783.3 | D33: 0 | E33: 3.4770373e+08 | F33: 2.5206754e+08 | G33: 29639550 | H33: 46782773 | I33: 37831759 | J33: 3.9191762e+08 | K33: 1.8826278e+08 | L33: 76282010 | M33: 49072740 | N33: 1.5177446e+08 | O33: 75251292 | P33: 3.0508165e+08 | Q33: 96914196 | R33: 1.1106426e+08 | S33: 1.3695368e+08 | T33: 3.001964e+08 | U33: 1.4078921e+08 | V33: 1.9834419e+08 | W33: 5.6503609e+08 | X33: 4.818982e+08 | Y33: 2.8384089e+08 | Z33: 5.9508705e+08
C34: =C32-C33 -> 0 | D34: =D32-D33 -> 0 | E34: =E32-E33 -> 0 | F34: =F32-F33 -> 0 | G34: =G32-G33 -> 0 | H34: =H32-H33 -> 0 | I34: =I32-I33 -> 0 | J34: =J32-J33 -> 0 | ... Z34: =Z32-Z33 -> 0

Sheet Step_1
C1: 3Bangkok | D1: 3Bangkok | E1: 3Bangkok | F1: 3Bangkok | G1: 3Bangkok | H1: 3Bangkok | I1: 3Bangkok | J1: 3Bangkok | K1: 3Bangkok | L1: 3Bangkok | M1: 3Bangkok | N1: 3Bangkok | O1: 3Bangkok | P1: 3Bangkok | Q1: 3Bangkok | R1: 3Bangkok | S1: 3Bangkok | T1: 3Bangkok | U1: 3Bangkok | V1: 3Bangkok | W1: 3Bangkok | X1: 3Bangkok | Y1: 3Bangkok
C2: 1Agriculture | D2: 3Food Manufacturing | E2: 4Textile Industry | F2: 5Saw Mills and Wood Products | G2: 6Paper and Paper Products | H2: 7Printing and Publishing | I2: 8Chemical Industries | J2: 9Petroleum Refineries | K2: 10Rubber and Plastic Products | L2: 11Non-metallic Products | M2: 12Basic Metal | N2: 13Fabricated Metal Products | O2: 14Electrical Machinery and Apparatus | P2: 15Industrial Machinery | Q2: 16Motor Vehcile | R2: 17Other Transportation Equipment | S2: 18Other Manufacturing Products | T2: 19Electricity and Water Works | U2: 20Construction | V2: 21Trade and Transport, Communication | W2: 22Accomodation and food service activities | X2: 23Banking and Insurance | Y2: 24Other Services
A3: 3Bangkok | B3: 1Agriculture | C3: ='BKK IO'!C3/'BKK IO'!C$32 -> 0.0076407482 | D3: ='BKK IO'!E3/'BKK IO'!E$32 -> 0.018632793 | E3: ='BKK IO'!F3/'BKK IO'!F$32 -> 0.0017009709 | F3: ='BKK IO'!G3/'BKK IO'!G$32 -> 0.0060168043 | G3: ='BKK IO'!H3/'BKK IO'!H$32 -> 0.00094790185 | H3: ='BKK IO'!I3/'BKK IO'!I$32 -> 0 | I3: ='BKK IO'!J3/'BKK IO'!J$32 -> 0.00049669683 | J3: ='BKK IO'!K3/'BKK IO'!K$32 -> 4.860853e-09 | K3: ='BKK IO'!L3/'BKK IO'!L$32 -> 0.010876945 | ... Y3: ='BKK IO'!Z3/'BKK IO'!Z$32 -> 0.00060207892
A4: 3Bangkok | B4: 3Food Manufacturing | C4: ='BKK IO'!C5/'BKK IO'!C$32 -> 0.024189775 | D4: ='BKK IO'!E5/'BKK IO'!E$32 -> 0.11052795 | E4: ='BKK IO'!F5/'BKK IO'!F$32 -> 0.00012171279 | F4: ='BKK IO'!G5/'BKK IO'!G$32 -> 4.0622574e-05 | G4: ='BKK IO'!H5/'BKK IO'!H$32 -> 0.0023923344 | H4: ='BKK IO'!I5/'BKK IO'!I$32 -> 9.30979e-06 | I4: ='BKK IO'!J5/'BKK IO'!J$32 -> 0.0023448844 | J4: ='BKK IO'!K5/'BKK IO'!K$32 -> 9.2414199e-05 | K4: ='BKK IO'!L5/'BKK IO'!L$32 -> 6.0057888e-05 | ... Y4: ='BKK IO'!Z5/'BKK IO'!Z$32 -> 0.0057678052
A5: 3Bangkok | B5: 4Textile Industry | C5: ='BKK IO'!C6/'BKK IO'!C$32 -> 0.00055415448 | D5: ='BKK IO'!E6/'BKK IO'!E$32 -> 0.00024458737 | E5: ='BKK IO'!F6/'BKK IO'!F$32 -> 0.21899129 | F5: ='BKK IO'!G6/'BKK IO'!G$32 -> 0.00147687 | G5: ='BKK IO'!H6/'BKK IO'!H$32 -> 0.00023467722 | H5: ='BKK IO'!I6/'BKK IO'!I$32 -> 0.00075789722 | I5: ='BKK IO'!J6/'BKK IO'!J$32 -> 0.0027142697 | J5: ='BKK IO'!K6/'BKK IO'!K$32 -> 7.2022478e-06 | K5: ='BKK IO'!L6/'BKK IO'!L$32 -> 0.00610374 | ... Y5: ='BKK IO'!Z6/'BKK IO'!Z$32 -> 0.0027116679
A6: 3Bangkok | B6: 5Saw Mills and Wood Products | C6: ='BKK IO'!C7/'BKK IO'!C$32 -> 0.0004856402 | D6: ='BKK IO'!E7/'BKK IO'!E$32 -> 7.2424031e-05 | E6: ='BKK IO'!F7/'BKK IO'!F$32 -> 5.5228208e-05 | F6: ='BKK IO'!G7/'BKK IO'!G$32 -> 0.098904874 | G6: ='BKK IO'!H7/'BKK IO'!H$32 -> 9.5249293e-05 | H6: ='BKK IO'!I7/'BKK IO'!I$32 -> 2.7642424e-05 | I6: ='BKK IO'!J7/'BKK IO'!J$32 -> 0.00021776534 | J6: ='BKK IO'!K7/'BKK IO'!K$32 -> 6.535978e-07 | K6: ='BKK IO'!L7/'BKK IO'!L$32 -> 0.0001497962 | ... Y6: ='BKK IO'!Z7/'BKK IO'!Z$32 -> 0.00053687373
A7: 3Bangkok | B7: 6Paper and Paper Products | C7: ='BKK IO'!C8/'BKK IO'!C$32 -> 0.00014464314 | D7: ='BKK IO'!E8/'BKK IO'!E$32 -> 0.0021109502 | E7: ='BKK IO'!F8/'BKK IO'!F$32 -> 0.0022309563 | F7: ='BKK IO'!G8/'BKK IO'!G$32 -> 0.002568397 | G7: ='BKK IO'!H8/'BKK IO'!H$32 -> 0.23837572 | H7: ='BKK IO'!I8/'BKK IO'!I$32 -> 0.10288589 | I7: ='BKK IO'!J8/'BKK IO'!J$32 -> 0.0019052646 | J7: ='BKK IO'!K8/'BKK IO'!K$32 -> 5.6279338e-05 | K7: ='BKK IO'!L8/'BKK IO'!L$32 -> 0.00070444474 | ... Y7: ='BKK IO'!Z8/'BKK IO'!Z$32 -> 0.0061603459
A8: 3Bangkok | B8: 7Printing and Publishing | C8: ='BKK IO'!C9/'BKK IO'!C$32 -> 5.1379305e-05 | D8: ='BKK IO'!E9/'BKK IO'!E$32 -> 0.00011765249 | E8: ='BKK IO'!F9/'BKK IO'!F$32 -> 9.4918099e-05 | F8: ='BKK IO'!G9/'BKK IO'!G$32 -> 0.00019513767 | G8: ='BKK IO'!H9/'BKK IO'!H$32 -> 4.2770234e-05 | H8: ='BKK IO'!I9/'BKK IO'!I$32 -> 0.25021457 | I8: ='BKK IO'!J9/'BKK IO'!J$32 -> 0.00010156403 | J8: ='BKK IO'!K9/'BKK IO'!K$32 -> 3.454555e-06 | K8: ='BKK IO'!L9/'BKK IO'!L$32 -> 0.00019163959 | ... Y8: ='BKK IO'!Z9/'BKK IO'!Z$32 -> 0.016447729
A9: 3Bangkok | B9: 8Chemical Industries | C9: ='BKK IO'!C10/'BKK IO'!C$32 -> 0.054201659 | D9: ='BKK IO'!E10/'BKK IO'!E$32 -> 0.0095615378 | E9: ='BKK IO'!F10/'BKK IO'!F$32 -> 0.03836887 | F9: ='BKK IO'!G10/'BKK IO'!G$32 -> 0.025460603 | G9: ='BKK IO'!H10/'BKK IO'!H$32 -> 0.032753894 | H9: ='BKK IO'!I10/'BKK IO'!I$32 -> 0.07403756 | I9: ='BKK IO'!J10/'BKK IO'!J$32 -> 0.36609198 | J9: ='BKK IO'!K10/'BKK IO'!K$32 -> 0.0034138031 | K9: ='BKK IO'!L10/'BKK IO'!L$32 -> 0.14124594 | ... Y9: ='BKK IO'!Z10/'BKK IO'!Z$32 -> 0.033533651
A10: 3Bangkok | B10: 9Petroleum Refineries | C10: ='BKK IO'!C11/'BKK IO'!C$32 -> 0.014361158 | D10: ='BKK IO'!E11/'BKK IO'!E$32 -> 0.0039112512 | E10: ='BKK IO'!F11/'BKK IO'!F$32 -> 0.0034268146 | F10: ='BKK IO'!G11/'BKK IO'!G$32 -> 0.0024980465 | G10: ='BKK IO'!H11/'BKK IO'!H$32 -> 0.0030438657 | H10: ='BKK IO'!I11/'BKK IO'!I$32 -> 0.0018487135 | I10: ='BKK IO'!J11/'BKK IO'!J$32 -> 0.0059393531 | J10: ='BKK IO'!K11/'BKK IO'!K$32 -> 0.074336512 | K10: ='BKK IO'!L11/'BKK IO'!L$32 -> 0.0050708716 | ... Y10: ='BKK IO'!Z11/'BKK IO'!Z$32 -> 0.0065638015
A11: 3Bangkok | B11: 10Rubber and Plastic Products | C11: ='BKK IO'!C12/'BKK IO'!C$32 -> 0.0028211598 | D11: ='BKK IO'!E12/'BKK IO'!E$32 -> 0.0039738471 | E11: ='BKK IO'!F12/'BKK IO'!F$32 -> 0.0043329259 | F11: ='BKK IO'!G12/'BKK IO'!G$32 -> 0.0087996687 | G11: ='BKK IO'!H12/'BKK IO'!H$32 -> 0.0019484499 | H11: ='BKK IO'!I12/'BKK IO'!I$32 -> 0.0068033344 | I11: ='BKK IO'!J12/'BKK IO'!J$32 -> 0.0023840039 | J11: ='BKK IO'!K12/'BKK IO'!K$32 -> 8.6109512e-05 | K11: ='BKK IO'!L12/'BKK IO'!L$32 -> 0.11628414 | ... Y11: ='BKK IO'!Z12/'BKK IO'!Z$32 -> 0.0025613887
A12: 3Bangkok | B12: 11Non-metallic Products | C12: ='BKK IO'!C13/'BKK IO'!C$32 -> 0.00018305346 | D12: ='BKK IO'!E13/'BKK IO'!E$32 -> 0.0016564626 | E12: ='BKK IO'!F13/'BKK IO'!F$32 -> 2.81795e-05 | F12: ='BKK IO'!G13/'BKK IO'!G$32 -> 0.0010076813 | G12: ='BKK IO'!H13/'BKK IO'!H$32 -> 4.3204634e-05 | H12: ='BKK IO'!I13/'BKK IO'!I$32 -> 1.7061397e-06 | I12: ='BKK IO'!J13/'BKK IO'!J$32 -> 0.00048681551 | J12: ='BKK IO'!K13/'BKK IO'!K$32 -> 1.4254943e-08 | K12: ='BKK IO'!L13/'BKK IO'!L$32 -> 2.872278e-05 | ... Y12: ='BKK IO'!Z13/'BKK IO'!Z$32 -> 0.00080401864
A13: 3Bangkok | B13: 12Basic Metal | C13: ='BKK IO'!C14/'BKK IO'!C$32 -> 1.5268233e-05 | D13: ='BKK IO'!E14/'BKK IO'!E$32 -> 0.00053395867 | E13: ='BKK IO'!F14/'BKK IO'!F$32 -> 5.2613656e-05 | F13: ='BKK IO'!G14/'BKK IO'!G$32 -> 0.0023601588 | G13: ='BKK IO'!H14/'BKK IO'!H$32 -> 6.4764631e-06 | H13: ='BKK IO'!I14/'BKK IO'!I$32 -> 0.0014085109 | I13: ='BKK IO'!J14/'BKK IO'!J$32 -> 9.8270575e-05 | J13: ='BKK IO'!K14/'BKK IO'!K$32 -> 3.5925138e-06 | K13: ='BKK IO'!L14/'BKK IO'!L$32 -> 0.0005145438 | ... Y13: ='BKK IO'!Z14/'BKK IO'!Z$32 -> 0.001864965
A14: 3Bangkok | B14: 13Fabricated Metal Products | C14: ='BKK IO'!C15/'BKK IO'!C$32 -> 0.0057093701 | D14: ='BKK IO'!E15/'BKK IO'!E$32 -> 0.013552713 | E14: ='BKK IO'!F15/'BKK IO'!F$32 -> 0.0011111935 | F14: ='BKK IO'!G15/'BKK IO'!G$32 -> 0.0090714575 | G14: ='BKK IO'!H15/'BKK IO'!H$32 -> 0.00069115988 | H14: ='BKK IO'!I15/'BKK IO'!I$32 -> 0.0060961606 | I14: ='BKK IO'!J15/'BKK IO'!J$32 -> 0.0013868121 | J14: ='BKK IO'!K15/'BKK IO'!K$32 -> 0.00020001119 | K14: ='BKK IO'!L15/'BKK IO'!L$32 -> 0.0024250781 | ... Y14: ='BKK IO'!Z15/'BKK IO'!Z$32 -> 0.0032171003
A15: 3Bangkok | B15: 14Electrical Machinery and Apparatus | C15: ='BKK IO'!C16/'BKK IO'!C$32 -> 0.00016565645 | D15: ='BKK IO'!E16/'BKK IO'!E$32 -> 0.00018443845 | E15: ='BKK IO'!F16/'BKK IO'!F$32 -> 0.00026288534 | F15: ='BKK IO'!G16/'BKK IO'!G$32 -> 0.00023207393 | G15: ='BKK IO'!H16/'BKK IO'!H$32 -> 0.00037897361 | H15: ='BKK IO'!I16/'BKK IO'!I$32 -> 0.00015850211 | I15: ='BKK IO'!J16/'BKK IO'!J$32 -> 0.00011878618 | J15: ='BKK IO'!K16/'BKK IO'!K$32 -> 1.8957276e-05 | K15: ='BKK IO'!L16/'BKK IO'!L$32 -> 0.0001541327 | ... Y15: ='BKK IO'!Z16/'BKK IO'!Z$32 -> 0.010939681
... A29: 4Indirect Taxes less Subsidies',Output | B29: 4Indirect Taxes less Subsidies',Output | C29: ='BKK IO'!C30/'BKK IO'!C$32 -> 0.23831887 | D29: ='BKK IO'!E30/'BKK IO'!E$32 -> 0.1790665 | E29: ='BKK IO'!F30/'BKK IO'!F$32 -> 0.12703522 | F29: ='BKK IO'!G30/'BKK IO'!G$32 -> 0.23788263 | G29: ='BKK IO'!H30/'BKK IO'!H$32 -> 0.19398119 | H29: ='BKK IO'!I30/'BKK IO'!I$32 -> 0.16514876 | I29: ='BKK IO'!J30/'BKK IO'!J$32 -> 0.26879507 | J29: ='BKK IO'!K30/'BKK IO'!K$32 -> 0.20356197 | K29: ='BKK IO'!L30/'BKK IO'!L$32 -> 0.17593461 | ... Y29: ='BKK IO'!Z30/'BKK IO'!Z$32 -> 0.030723269
B30: Import | C30: ='BKK IO'!C31/'BKK IO'!C$32 -> 0.1939169 | D30: ='BKK IO'!E31/'BKK IO'!E$32 -> 0.44523131 | E30: ='BKK IO'!F31/'BKK IO'!F$32 -> 0.30788289 | F30: ='BKK IO'!G31/'BKK IO'!G$32 -> 0.30851929 | G30: ='BKK IO'!H31/'BKK IO'!H$32 -> 0.29128952 | H30: ='BKK IO'!I31/'BKK IO'!I$32 -> 0.20086618 | I30: ='BKK IO'!J31/'BKK IO'!J$32 -> 0.17870089 | J30: ='BKK IO'!K31/'BKK IO'!K$32 -> 0.4192498 | K30: ='BKK IO'!L31/'BKK IO'!L$32 -> 0.37075011 | ... Y30: ='BKK IO'!Z31/'BKK IO'!Z$32 -> 0.11396253
B31: TOTAL | C31: ='BKK IO'!C32/'BKK IO'!C$32 -> 1 | D31: ='BKK IO'!E32/'BKK IO'!E$32 -> 1 | E31: ='BKK IO'!F32/'BKK IO'!F$32 -> 1 | F31: ='BKK IO'!G32/'BKK IO'!G$32 -> 1 | G31: ='BKK IO'!H32/'BKK IO'!H$32 -> 1 | H31: ='BKK IO'!I32/'BKK IO'!I$32 -> 1 | I31: ='BKK IO'!J32/'BKK IO'!J$32 -> 1 | J31: ='BKK IO'!K32/'BKK IO'!K$32 -> 1 | K31: ='BKK IO'!L32/'BKK IO'!L$32 -> 1 | ... Y31: ='BKK IO'!Z32/'BKK IO'!Z$32 -> 1

Sheet Step_2
C1: 3Bangkok | D1: 3Bangkok | E1: 3Bangkok | F1: 3Bangkok | G1: 3Bangkok | H1: 3Bangkok | I1: 3Bangkok | J1: 3Bangkok | K1: 3Bangkok | L1: 3Bangkok | M1: 3Bangkok | N1: 3Bangkok | O1: 3Bangkok | P1: 3Bangkok | Q1: 3Bangkok | R1: 3Bangkok | S1: 3Bangkok | T1: 3Bangkok | U1: 3Bangkok | V1: 3Bangkok | W1: 3Bangkok | X1: 3Bangkok | Y1: 3Bangkok
C2: 1Agriculture | D2: 3Food Manufacturing | E2: 4Textile Industry | F2: 5Saw Mills and Wood Products | G2: 6Paper and Paper Products | H2: 7Printing and Publishing | I2: 8Chemical Industries | J2: 9Petroleum Refineries | K2: 10Rubber and Plastic Products | L2: 11Non-metallic Products | M2: 12Basic Metal | N2: 13Fabricated Metal Products | O2: 14Electrical Machinery and Apparatus | P2: 15Industrial Machinery | Q2: 16Motor Vehcile | R2: 17Other Transportation Equipment | S2: 18Other Manufacturing Products | T2: 19Electricity and Water Works | U2: 20Construction | V2: 21Trade and Transport, Communication | W2: 22Accomodation and food service activities | X2: 23Banking and Insurance | Y2: 24Other Services | Z2: TOTAL
A3: 3Bangkok | B3: 1Agriculture | C3: 1 | D3: 0 | E3: 0 | F3: 0 | G3: 0 | H3: 0 | I3: 0 | J3: 0 | K3: 0 | L3: 0 | M3: 0 | N3: 0 | O3: 0 | P3: 0 | Q3: 0 | R3: 0 | S3: 0 | T3: 0 | U3: 0 | V3: 0 | W3: 0 | X3: 0 | Y3: 0 | Z3: =SUM(C3:Y3) -> 1
A4: 3Bangkok | B4: 3Food Manufacturing | C4: 0 | D4: 1 | E4: 0 | F4: 0 | G4: 0 | H4: 0 | I4: 0 | J4: 0 | K4: 0 | L4: 0 | M4: 0 | N4: 0 | O4: 0 | P4: 0 | Q4: 0 | R4: 0 | S4: 0 | T4: 0 | U4: 0 | V4: 0 | W4: 0 | X4: 0 | Y4: 0 | Z4: =SUM(C4:Y4) -> 1
A5: 3Bangkok | B5: 4Textile Industry | C5: 0 | D5: 0 | E5: 1 | F5: 0 | G5: 0 | H5: 0 | I5: 0 | J5: 0 | K5: 0 | L5: 0 | M5: 0 | N5: 0 | O5: 0 | P5: 0 | Q5: 0 | R5: 0 | S5: 0 | T5: 0 | U5: 0 | V5: 0 | W5: 0 | X5: 0 | Y5: 0 | Z5: =SUM(C5:Y5) -> 1
A6: 3Bangkok | B6: 5Saw Mills and Wood Products | C6: 0 | D6: 0 | E6: 0 | F6: 1 | G6: 0 | H6: 0 | I6: 0 | J6: 0 | K6: 0 | L6: 0 | M6: 0 | N6: 0 | O6: 0 | P6: 0 | Q6: 0 | R6: 0 | S6: 0 | T6: 0 | U6: 0 | V6: 0 | W6: 0 | X6: 0 | Y6: 0 | Z6: =SUM(C6:Y6) -> 1
A7: 3Bangkok | B7: 6Paper and Paper Products | C7: 0 | D7: 0 | E7: 0 | F7: 0 | G7: 1 | H7: 0 | I7: 0 | J7: 0 | K7: 0 | L7: 0 | M7: 0 | N7: 0 | O7: 0 | P7: 0 | Q7: 0 | R7: 0 | S7: 0 | T7: 0 | U7: 0 | V7: 0 | W7: 0 | X7: 0 | Y7: 0 | Z7: =SUM(C7:Y7) -> 1
A8: 3Bangkok | B8: 7Printing and Publishing | C8: 0 | D8: 0 | E8: 0 | F8: 0 | G8: 0 | H8: 1 | I8: 0 | J8: 0 | K8: 0 | L8: 0 | M8: 0 | N8: 0 | O8: 0 | P8: 0 | Q8: 0 | R8: 0 | S8: 0 | T8: 0 | U8: 0 | V8: 0 | W8: 0 | X8: 0 | Y8: 0 | Z8: =SUM(C8:Y8) -> 1
A9: 3Bangkok | B9: 8Chemical Industries | C9: 0 | D9: 0 | E9: 0 | F9: 0 | G9: 0 | H9: 0 | I9: 1 | J9: 0 | K9: 0 | L9: 0 | M9: 0 | N9: 0 | O9: 0 | P9: 0 | Q9: 0 | R9: 0 | S9: 0 | T9: 0 | U9: 0 | V9: 0 | W9: 0 | X9: 0 | Y9: 0 | Z9: =SUM(C9:Y9) -> 1
A10: 3Bangkok | B10: 9Petroleum Refineries | C10: 0 | D10: 0 | E10: 0 | F10: 0 | G10: 0 | H10: 0 | I10: 0 | J10: 1 | K10: 0 | L10: 0 | M10: 0 | N10: 0 | O10: 0 | P10: 0 | Q10: 0 | R10: 0 | S10: 0 | T10: 0 | U10: 0 | V10: 0 | W10: 0 | X10: 0 | Y10: 0 | Z10: =SUM(C10:Y10) -> 1
A11: 3Bangkok | B11: 10Rubber and Plastic Products | C11: 0 | D11: 0 | E11: 0 | F11: 0 | G11: 0 | H11: 0 | I11: 0 | J11: 0 | K11: 1 | L11: 0 | M11: 0 | N11: 0 | O11: 0 | P11: 0 | Q11: 0 | R11: 0 | S11: 0 | T11: 0 | U11: 0 | V11: 0 | W11: 0 | X11: 0 | Y11: 0 | Z11: =SUM(C11:Y11) -> 1
A12: 3Bangkok | B12: 11Non-metallic Products | C12: 0 | D12: 0 | E12: 0 | F12: 0 | G12: 0 | H12: 0 | I12: 0 | J12: 0 | K12: 0 | L12: 1 | M12: 0 | N12: 0 | O12: 0 | P12: 0 | Q12: 0 | R12: 0 | S12: 0 | T12: 0 | U12: 0 | V12: 0 | W12: 0 | X12: 0 | Y12: 0 | Z12: =SUM(C12:Y12) -> 1
A13: 3Bangkok | B13: 12Basic Metal | C13: 0 | D13: 0 | E13: 0 | F13: 0 | G13: 0 | H13: 0 | I13: 0 | J13: 0 | K13: 0 | L13: 0 | M13: 1 | N13: 0 | O13: 0 | P13: 0 | Q13: 0 | R13: 0 | S13: 0 | T13: 0 | U13: 0 | V13: 0 | W13: 0 | X13: 0 | Y13: 0 | Z13: =SUM(C13:Y13) -> 1
A14: 3Bangkok | B14: 13Fabricated Metal Products | C14: 0 | D14: 0 | E14: 0 | F14: 0 | G14: 0 | H14: 0 | I14: 0 | J14: 0 | K14: 0 | L14: 0 | M14: 0 | N14: 1 | O14: 0 | P14: 0 | Q14: 0 | R14: 0 | S14: 0 | T14: 0 | U14: 0 | V14: 0 | W14: 0 | X14: 0 | Y14: 0 | Z14: =SUM(C14:Y14) -> 1
... A25: 3Bangkok | B25: 24Other Services | C25: 0 | D25: 0 | E25: 0 | F25: 0 | G25: 0 | H25: 0 | I25: 0 | J25: 0 | K25: 0 | L25: 0 | M25: 0 | N25: 0 | O25: 0 | P25: 0 | Q25: 0 | R25: 0 | S25: 0 | T25: 0 | U25: 0 | V25: 0 | W25: 0 | X25: 0 | Y25: 1 | Z25: =SUM(C25:Y25) -> 1
B31: TOTAL | C31: =SUM(C3:C30) -> 1 | D31: =SUM(D3:D30) -> 1 | E31: =SUM(E3:E30) -> 1 | F31: =SUM(F3:F30) -> 1 | G31: =SUM(G3:G30) -> 1 | H31: =SUM(H3:H30) -> 1 | I31: =SUM(I3:I30) -> 1 | J31: =SUM(J3:J30) -> 1 | ... Y31: =SUM(Y3:Y30) -> 1

Sheet Step_3
C1: 3Bangkok | D1: 3Bangkok | E1: 3Bangkok | F1: 3Bangkok | G1: 3Bangkok | H1: 3Bangkok | I1: 3Bangkok | J1: 3Bangkok | K1: 3Bangkok | L1: 3Bangkok | M1: 3Bangkok | N1: 3Bangkok | O1: 3Bangkok | P1: 3Bangkok | Q1: 3Bangkok | R1: 3Bangkok | S1: 3Bangkok | T1: 3Bangkok | U1: 3Bangkok | V1: 3Bangkok | W1: 3Bangkok | X1: 3Bangkok | Y1: 3Bangkok
C2: 1Agriculture | D2: 3Food Manufacturing | E2: 4Textile Industry | F2: 5Saw Mills and Wood Products | G2: 6Paper and Paper Products | H2: 7Printing and Publishing | I2: 8Chemical Industries | J2: 9Petroleum Refineries | K2: 10Rubber and Plastic Products | L2: 11Non-metallic Products | M2: 12Basic Metal | N2: 13Fabricated Metal Products | O2: 14Electrical Machinery and Apparatus | P2: 15Industrial Machinery | Q2: 16Motor Vehcile | R2: 17Other Transportation Equipment | S2: 18Other Manufacturing Products | T2: 19Electricity and Water Works | U2: 20Construction | V2: 21Trade and Transport, Communication | W2: 22Accomodation and food service activities | X2: 23Banking and Insurance | Y2: 24Other Services | Z2: TOTAL
A3: 3Bangkok | B3: 1Agriculture | C3: =Step_2!C3-Step_1!C3 -> 0.99235925 | D3: =Step_2!D3-Step_1!E3 -> -0.0017009709 | E3: =Step_2!E3-Step_1!F3 -> -0.0060168043 | F3: =Step_2!F3-Step_1!G3 -> -0.00094790185 | G3: =Step_2!G3-Step_1!H3 -> 0 | H3: =Step_2!H3-Step_1!I3 -> -0.00049669683 | I3: =Step_2!I3-Step_1!J3 -> -4.860853e-09 | J3: =Step_2!J3-Step_1!K3 -> -0.010876945 | K3: =Step_2!K3-Step_1!L3 -> -0.00015323466 | ... Y3: =Step_2!Y3-Step_1!Z3 -> 0 | Z3: =SUM(C3:Y3) -> 0.96274023
A4: 3Bangkok | B4: 3Food Manufacturing | C4: =Step_2!C4-Step_1!C4 -> -0.024189775 | D4: =Step_2!D4-Step_1!E4 -> 0.99987829 | E4: =Step_2!E4-Step_1!F4 -> -4.0622574e-05 | F4: =Step_2!F4-Step_1!G4 -> -0.0023923344 | G4: =Step_2!G4-Step_1!H4 -> -9.30979e-06 | H4: =Step_2!H4-Step_1!I4 -> -0.0023448844 | I4: =Step_2!I4-Step_1!J4 -> -9.2414199e-05 | J4: =Step_2!J4-Step_1!K4 -> -6.0057888e-05 | K4: =Step_2!K4-Step_1!L4 -> -0.0010015324 | ... Y4: =Step_2!Y4-Step_1!Z4 -> 0 | Z4: =SUM(C4:Y4) -> 0.85162085
A5: 3Bangkok | B5: 4Textile Industry | C5: =Step_2!C5-Step_1!C5 -> -0.00055415448 | D5: =Step_2!D5-Step_1!E5 -> -0.21899129 | E5: =Step_2!E5-Step_1!F5 -> 0.99852313 | F5: =Step_2!F5-Step_1!G5 -> -0.00023467722 | G5: =Step_2!G5-Step_1!H5 -> -0.00075789722 | H5: =Step_2!H5-Step_1!I5 -> -0.0027142697 | I5: =Step_2!I5-Step_1!J5 -> -7.2022478e-06 | J5: =Step_2!J5-Step_1!K5 -> -0.00610374 | K5: =Step_2!K5-Step_1!L5 -> -0.0011565809 | ... Y5: =Step_2!Y5-Step_1!Z5 -> 0 | Z5: =SUM(C5:Y5) -> 0.73522725
A6: 3Bangkok | B6: 5Saw Mills and Wood Products | C6: =Step_2!C6-Step_1!C6 -> -0.0004856402 | D6: =Step_2!D6-Step_1!E6 -> -5.5228208e-05 | E6: =Step_2!E6-Step_1!F6 -> -0.098904874 | F6: =Step_2!F6-Step_1!G6 -> 0.99990475 | G6: =Step_2!G6-Step_1!H6 -> -2.7642424e-05 | H6: =Step_2!H6-Step_1!I6 -> -0.00021776534 | I6: =Step_2!I6-Step_1!J6 -> -6.535978e-07 | J6: =Step_2!J6-Step_1!K6 -> -0.0001497962 | K6: =Step_2!K6-Step_1!L6 -> -0.00069454714 | ... Y6: =Step_2!Y6-Step_1!Z6 -> 0 | Z6: =SUM(C6:Y6) -> 0.88036548
A7: 3Bangkok | B7: 6Paper and Paper Products | C7: =Step_2!C7-Step_1!C7 -> -0.00014464314 | D7: =Step_2!D7-Step_1!E7 -> -0.0022309563 | E7: =Step_2!E7-Step_1!F7 -> -0.002568397 | F7: =Step_2!F7-Step_1!G7 -> -0.23837572 | G7: =Step_2!G7-Step_1!H7 -> 0.89711411 | H7: =Step_2!H7-Step_1!I7 -> -0.0019052646 | I7: =Step_2!I7-Step_1!J7 -> -5.6279338e-05 | J7: =Step_2!J7-Step_1!K7 -> -0.00070444474 | K7: =Step_2!K7-Step_1!L7 -> -0.0029091831 | ... Y7: =Step_2!Y7-Step_1!Z7 -> 0 | Z7: =SUM(C7:Y7) -> 0.6139297
A8: 3Bangkok | B8: 7Printing and Publishing | C8: =Step_2!C8-Step_1!C8 -> -5.1379305e-05 | D8: =Step_2!D8-Step_1!E8 -> -9.4918099e-05 | E8: =Step_2!E8-Step_1!F8 -> -0.00019513767 | F8: =Step_2!F8-Step_1!G8 -> -4.2770234e-05 | G8: =Step_2!G8-Step_1!H8 -> -0.25021457 | H8: =Step_2!H8-Step_1!I8 -> 0.99989844 | I8: =Step_2!I8-Step_1!J8 -> -3.454555e-06 | J8: =Step_2!J8-Step_1!K8 -> -0.00019163959 | K8: =Step_2!K8-Step_1!L8 -> -0.00025197585 | ... Y8: =Step_2!Y8-Step_1!Z8 -> 0 | Z8: =SUM(C8:Y8) -> 0.71826174
A9: 3Bangkok | B9: 8Chemical Industries | C9: =Step_2!C9-Step_1!C9 -> -0.054201659 | D9: =Step_2!D9-Step_1!E9 -> -0.03836887 | E9: =Step_2!E9-Step_1!F9 -> -0.025460603 | F9: =Step_2!F9-Step_1!G9 -> -0.032753894 | G9: =Step_2!G9-Step_1!H9 -> -0.07403756 | H9: =Step_2!H9-Step_1!I9 -> -0.36609198 | I9: =Step_2!I9-Step_1!J9 -> 0.9965862 | J9: =Step_2!J9-Step_1!K9 -> -0.14124594 | K9: =Step_2!K9-Step_1!L9 -> -0.049761203 | ... Y9: =Step_2!Y9-Step_1!Z9 -> 0 | Z9: =SUM(C9:Y9) -> 0.054663098
A10: 3Bangkok | B10: 9Petroleum Refineries | C10: =Step_2!C10-Step_1!C10 -> -0.014361158 | D10: =Step_2!D10-Step_1!E10 -> -0.0034268146 | E10: =Step_2!E10-Step_1!F10 -> -0.0024980465 | F10: =Step_2!F10-Step_1!G10 -> -0.0030438657 | G10: =Step_2!G10-Step_1!H10 -> -0.0018487135 | H10: =Step_2!H10-Step_1!I10 -> -0.0059393531 | I10: =Step_2!I10-Step_1!J10 -> -0.074336512 | J10: =Step_2!J10-Step_1!K10 -> 0.99492913 | K10: =Step_2!K10-Step_1!L10 -> -0.018322796 | ... Y10: =Step_2!Y10-Step_1!Z10 -> 0 | Z10: =SUM(C10:Y10) -> 0.66724212
A11: 3Bangkok | B11: 10Rubber and Plastic Products | C11: =Step_2!C11-Step_1!C11 -> -0.0028211598 | D11: =Step_2!D11-Step_1!E11 -> -0.0043329259 | E11: =Step_2!E11-Step_1!F11 -> -0.0087996687 | F11: =Step_2!F11-Step_1!G11 -> -0.0019484499 | G11: =Step_2!G11-Step_1!H11 -> -0.0068033344 | H11: =Step_2!H11-Step_1!I11 -> -0.0023840039 | I11: =Step_2!I11-Step_1!J11 -> -8.6109512e-05 | J11: =Step_2!J11-Step_1!K11 -> -0.11628414 | K11: =Step_2!K11-Step_1!L11 -> 0.99850811 | ... Y11: =Step_2!Y11-Step_1!Z11 -> 0 | Z11: =SUM(C11:Y11) -> 0.77859751
A12: 3Bangkok | B12: 11Non-metallic Products | C12: =Step_2!C12-Step_1!C12 -> -0.00018305346 | D12: =Step_2!D12-Step_1!E12 -> -2.81795e-05 | E12: =Step_2!E12-Step_1!F12 -> -0.0010076813 | F12: =Step_2!F12-Step_1!G12 -> -4.3204634e-05 | G12: =Step_2!G12-Step_1!H12 -> -1.7061397e-06 | H12: =Step_2!H12-Step_1!I12 -> -0.00048681551 | I12: =Step_2!I12-Step_1!J12 -> -1.4254943e-08 | J12: =Step_2!J12-Step_1!K12 -> -2.872278e-05 | K12: =Step_2!K12-Step_1!L12 -> -0.056747923 | ... Y12: =Step_2!Y12-Step_1!Z12 -> 0 | Z12: =SUM(C12:Y12) -> 0.8518985
A13: 3Bangkok | B13: 12Basic Metal | C13: =Step_2!C13-Step_1!C13 -> -1.5268233e-05 | D13: =Step_2!D13-Step_1!E13 -> -5.2613656e-05 | E13: =Step_2!E13-Step_1!F13 -> -0.0023601588 | F13: =Step_2!F13-Step_1!G13 -> -6.4764631e-06 | G13: =Step_2!G13-Step_1!H13 -> -0.0014085109 | H13: =Step_2!H13-Step_1!I13 -> -9.8270575e-05 | I13: =Step_2!I13-Step_1!J13 -> -3.5925138e-06 | J13: =Step_2!J13-Step_1!K13 -> -0.0005145438 | K13: =Step_2!K13-Step_1!L13 -> -0.011057783 | ... Y13: =Step_2!Y13-Step_1!Z13 -> 0 | Z13: =SUM(C13:Y13) -> 0.084471782
A14: 3Bangkok | B14: 13Fabricated Metal Products | C14: =Step_2!C14-Step_1!C14 -> -0.0057093701 | D14: =Step_2!D14-Step_1!E14 -> -0.0011111935 | E14: =Step_2!E14-Step_1!F14 -> -0.0090714575 | F14: =Step_2!F14-Step_1!G14 -> -0.00069115988 | G14: =Step_2!G14-Step_1!H14 -> -0.0060961606 | H14: =Step_2!H14-Step_1!I14 -> -0.0013868121 | I14: =Step_2!I14-Step_1!J14 -> -0.00020001119 | J14: =Step_2!J14-Step_1!K14 -> -0.0024250781 | K14: =Step_2!K14-Step_1!L14 -> -0.0015790008 | ... Y14: =Step_2!Y14-Step_1!Z14 -> 0 | Z14: =SUM(C14:Y14) -> 0.67271089
... A25: 3Bangkok | B25: 24Other Services | C25: =Step_2!C25-Step_1!C25 -> -0.0026057382 | D25: =Step_2!D25-Step_1!E25 -> -0.012344958 | E25: =Step_2!E25-Step_1!F25 -> -0.0075987208 | F25: =Step_2!F25-Step_1!G25 -> -0.013676916 | G25: =Step_2!G25-Step_1!H25 -> -0.011969005 | H25: =Step_2!H25-Step_1!I25 -> -0.0062126677 | I25: =Step_2!I25-Step_1!J25 -> -0.0013338813 | J25: =Step_2!J25-Step_1!K25 -> -0.0061578795 | K25: =Step_2!K25-Step_1!L25 -> -0.019652575 | ... Y25: =Step_2!Y25-Step_1!Z25 -> 1 | Z25: =SUM(C25:Y25) -> 0.60982713

Sheet Step_4
C1: 3Bangkok | D1: 3Bangkok | E1: 3Bangkok | F1: 3Bangkok | G1: 3Bangkok | H1: 3Bangkok | I1: 3Bangkok | J1: 3Bangkok | K1: 3Bangkok | L1: 3Bangkok | M1: 3Bangkok | N1: 3Bangkok | O1: 3Bangkok | P1: 3Bangkok | Q1: 3Bangkok | R1: 3Bangkok | S1: 3Bangkok | T1: 3Bangkok | U1: 3Bangkok | V1: 3Bangkok | W1: 3Bangkok | X1: 3Bangkok | Y1: 3Bangkok
C2: 1Agriculture | D2: 3Food Manufacturing | E2: 4Textile Industry | F2: 5Saw Mills and Wood Products | G2: 6Paper and Paper Products | H2: 7Printing and Publishing | I2: 8Chemical Industries | J2: 9Petroleum Refineries | K2: 10Rubber and Plastic Products | L2: 11Non-metallic Products | M2: 12Basic Metal | N2: 13Fabricated Metal Products | O2: 14Electrical Machinery and Apparatus | P2: 15Industrial Machinery | Q2: 16Motor Vehcile | R2: 17Other Transportation Equipment | S2: 18Other Manufacturing Products | T2: 19Electricity and Water Works | U2: 20Construction | V2: 21Trade and Transport, Communication | W2: 22Accomodation and food service activities | X2: 23Banking and Insurance | Y2: 24Other Services | Z2: TOTAL
A3: 3Bangkok | B3: 1Agriculture | C3: {=MINVERSE(Step_3!C3:Y25)} -> 1.0080399 | D3: 0.003264127 | E3: 0.0063361987 | F3: 0.0012245718 | G3: 0.00043001589 | H3: 0.00096877094 | I3: 0.00085712453 | J3: 0.011315365 | K3: 0.00057163576 | L3: 0.00017475356 | M3: 0.00016613223 | N3: 0.00012564675 | O3: 0.00017495126 | P3: 0.00018177844 | Q3: 0.00028598347 | R3: 0.00055233054 | S3: 0.00052430462 | T3: 0.00087777047 | U3: 0.0042968078 | V3: 0.0089498618 | W3: 0.00060309733 | X3: 0.0009857969 | Y3: 0
A4: 3Bangkok | B4: 3Food Manufacturing | C4: 0.024908883 | D4: 1.0012795 | E4: 0.0014370474 | F4: 0.0038019021 | G4: 0.0015160191 | H4: 0.003102001 | I4: 0.00032857507 | J4: 0.0013392429 | K4: 0.0024927688 | L4: 0.00070739758 | M4: 0.0008573993 | N4: 0.00072745196 | O4: 0.00091581472 | P4: 0.0011818602 | Q4: 0.0019285194 | R4: 0.0063223741 | S4: 0.0011580613 | T4: 0.0050965191 | U4: 0.036265715 | V4: 0.10503733 | W4: 0.0058248385 | X4: 0.0082404591 | Y4: 0
A5: 3Bangkok | B5: 4Textile Industry | C5: 0.0062534296 | D5: 0.21981593 | E5: 1.0020527 | F5: 0.001651942 | G5: 0.0021491994 | H5: 0.0037008882 | I5: 0.00057706788 | J5: 0.0067822686 | K5: 0.0020674556 | L5: 0.00053618299 | M5: 0.00066026883 | N5: 0.00079053156 | O5: 0.00094349585 | P5: 0.0018209406 | Q5: 0.0045678114 | R5: 0.013890609 | S5: 0.00078884698 | T5: 0.0020354466 | U5: 0.017652745 | V5: 0.028090657 | W5: 0.0054070864 | X5: 0.0048742667 | Y5: 0
A6: 3Bangkok | B6: 5Saw Mills and Wood Products | C6: 0.0011716692 | D6: 0.022205788 | E6: 0.099342181 | F6: 1.0004571 | G6: 0.00046996243 | H6: 0.00078257603 | I6: 0.00011851555 | J6: 0.0012010562 | K6: 0.0014706072 | L6: 0.0011419561 | M6: 0.0020351251 | N6: 0.00075805535 | O6: 0.0010509583 | P6: 0.0012750491 | Q6: 0.0020771509 | R6: 0.0029277912 | S6: 0.0012168251 | T6: 0.01230064 | U6: 0.004223965 | V6: 0.0035685239 | W6: 0.0010055129 | X6: 0.0012798188 | Y6: 0
A7: 3Bangkok | B7: 6Paper and Paper Products | C7: 0.00075171437 | D7: 0.0092909929 | E7: 0.029559307 | F7: 0.26624379 | G7: 1.1156074 | H7: 0.0025446636 | I7: 0.00021882322 | J7: 0.0017159787 | K7: 0.0040295726 | L7: 0.0013346232 | M7: 0.0017752975 | N7: 0.0013598146 | O7: 0.001421635 | P7: 0.0023804286 | Q7: 0.0022711588 | R7: 0.0040607198 | S7: 0.0010477116 | T7: 0.0043960044 | U7: 0.00777607 | V7: 0.004983441 | W7: 0.021194975 | X7: 0.0076380354 | Y7: 0
A8: 3Bangkok | B8: 7Printing and Publishing | C8: 0.00052082241 | D8: 0.0028075218 | E8: 0.0079346915 | F8: 0.066917529 | G8: 0.27931963 | H8: 1.0009102 | I8: 0.00011533056 | J8: 0.00087953666 | K8: 0.0016917311 | L8: 0.00083763284 | M8: 0.00097567097 | N8: 0.00070398704 | O8: 0.00094085737 | P8: 0.0014845772 | Q8: 0.0011529475 | R8: 0.0016160424 | S8: 0.001131057 | T8: 0.001715408 | U8: 0.012405553 | V8: 0.0029215442 | W8: 0.010780252 | X8: 0.01870203 | Y8: 0
A9: 3Bangkok | B9: 8Chemical Industries | C9: 0.060108574 | D9: 0.049959266 | E9: 0.037171472 | F9: 0.080229264 | G9: 0.18953497 | H9: 0.37409669 | I9: 1.0149796 | J9: 0.15291575 | K9: 0.057619547 | L9: 0.017814915 | M9: 0.022986546 | N9: 0.016838163 | O9: 0.016703784 | P9: 0.025505937 | Q9: 0.027569366 | R9: 0.033926097 | S9: 0.01132666 | T9: 0.023872603 | U9: 0.041594544 | V9: 0.016777981 | W9: 0.015700847 | X9: 0.044878558 | Y9: 0
A10: 3Bangkok | B10: 9Petroleum Refineries | C10: 0.019542328 | D10: 0.0090494825 | E10: 0.0066220265 | F10: 0.010554572 | G10: 0.018523993 | H10: 0.034456595 | I10: 0.076107263 | J10: 1.0195022 | K10: 0.024255695 | L10: 0.0092199842 | M10: 0.007468092 | N10: 0.0052686033 | O10: 0.0082177418 | P10: 0.0063545538 | Q10: 0.010283411 | R10: 0.013717635 | S10: 0.033400905 | T10: 0.013675865 | U10: 0.13330188 | V10: 0.010113838 | W10: 0.0062309869 | X10: 0.011325438 | Y10: 0
A11: 3Bangkok | B11: 10Rubber and Plastic Products | C11: 0.0054840342 | D11: 0.007859134 | E11: 0.010399946 | F11: 0.0054766409 | G11: 0.010698489 | H11: 0.0067009935 | I11: 0.009011386 | J11: 0.11917486 | K11: 1.0051219 | L11: 0.004251495 | M11: 0.0070898891 | N11: 0.0080348111 | O11: 0.0073532892 | P11: 0.016474073 | Q11: 0.019678588 | R11: 0.012243504 | S11: 0.0051261823 | T11: 0.0091264477 | U11: 0.037287388 | V11: 0.0037198032 | W11: 0.0018926625 | X11: 0.0044602283 | Y11: 0
A12: 3Bangkok | B12: 11Non-metallic Products | C12: 0.00078630993 | D12: 0.0032360273 | E12: 0.0028702835 | F12: 0.0014228029 | G12: 0.0017007785 | H12: 0.0020622919 | I12: 0.00078035873 | J12: 0.0085932518 | K12: 0.060246287 | L12: 1.0023613 | M12: 0.0025113603 | N12: 0.0040022718 | O12: 0.0030242322 | P12: 0.0038133772 | Q12: 0.0039753858 | R12: 0.0054843432 | S12: 0.0076023972 | T12: 0.080427953 | U12: 0.0075050475 | V12: 0.0046628384 | W12: 0.0014325608 | X12: 0.0025636519 | Y12: 0
A13: 3Bangkok | B13: 12Basic Metal | C13: 0.0015287959 | D13: 0.0059864365 | E13: 0.0069912058 | F13: 0.0032371511 | G13: 0.0046565477 | H13: 0.0030085873 | I13: 0.0009789381 | J13: 0.0093474009 | K13: 0.050127149 | L13: 0.5404074 | M13: 1.2123137 | N13: 0.050326964 | O13: 0.066419129 | P13: 0.09550816 | Q13: 0.086123827 | R13: 0.06987878 | S13: 0.013444314 | T13: 0.13382507 | U13: 0.014614991 | V13: 0.0072606155 | W13: 0.0028851845 | X13: 0.0065362957 | Y13: 0
A14: 3Bangkok | B14: 13Fabricated Metal Products | C14: 0.006509499 | D14: 0.0057011785 | E14: 0.011689161 | F14: 0.0037581082 | G14: 0.0088423779 | H14: 0.0028154491 | I14: 0.00075366498 | J14: 0.005711591 | K14: 0.014327957 | L14: 0.12222488 | M14: 0.2715603 | N14: 1.0216591 | O14: 0.03280093 | P14: 0.034954079 | Q14: 0.031481123 | R14: 0.020528145 | S14: 0.0071446372 | T14: 0.060263945 | U14: 0.0085588921 | V14: 0.004903488 | W14: 0.0020347081 | X14: 0.0057467192 | Y14: 0
A15: 3Bangkok | B15: 14Electrical Machinery and Apparatus | C15: 0.002892646 | D15: 0.0040071041 | E15: 0.0054393133 | F15: 0.0026227278 | G15: 0.0040056139 | H15: 0.0018829989 | I15: 0.00047706866 | J15: 0.0033559046 | K15: 0.0076243936 | L15: 0.044708158 | M15: 0.097701077 | N15: 0.36501674 | O15: 1.0246476 | P15: 0.038329502 | Q15: 0.035528944 | R15: 0.01238924 | S15: 0.016391301 | T15: 0.059481732 | U15: 0.016664328 | V15: 0.0079699978 | W15: 0.0075798749 | X15: 0.01426372 | Y15: 0
... A25: 3Bangkok | B25: 24Other Services | C25: 0.0054567646 | D25: 0.01796761 | E25: 0.012611622 | F25: 0.019851883 | G25: 0.017107905 | H25: 0.008683452 | I25: 0.0023910173 | J25: 0.011097399 | K25: 0.024240545 | L25: 0.0072506348 | M25: 0.0088353877 | N25: 0.0075542266 | O25: 0.0085033796 | P25: 0.015585448 | Q25: 0.014720003 | R25: 0.014190281 | S25: 0.018189832 | T25: 0.020517266 | U25: 0.096679837 | V25: 0.027180346 | W25: 0.054722377 | X25: 0.12180645 | Y25: 1
C27: =SUM(C3:C25) -> 1.1759614 | D27: =SUM(D3:D25) -> 1.4438264 | E27: =SUM(E3:E25) -> 1.2997201 | F27: =SUM(F3:F25) -> 1.5196058 | G27: =SUM(G3:G25) -> 1.6905224 | H27: =SUM(H3:H25) -> 1.4823887 | I27: =SUM(I3:I25) -> 1.1168367 | J27: =SUM(J3:J25) -> 1.4050153 | ... Y27: =SUM(Y3:Y25) -> 1

Sheet Step_5
C1: 3Bangkok | D1: 3Bangkok | E1: 3Bangkok | F1: 3Bangkok | G1: 3Bangkok | H1: 3Bangkok | I1: 3Bangkok | J1: 3Bangkok | K1: 3Bangkok | L1: 3Bangkok | M1: 3Bangkok | N1: 3Bangkok | O1: 3Bangkok | P1: 3Bangkok | Q1: 3Bangkok | R1: 3Bangkok | S1: 3Bangkok | T1: 3Bangkok | U1: 3Bangkok | V1: 3Bangkok | W1: 3Bangkok | X1: 3Bangkok | Y1: 3Bangkok
C2: 1Agriculture | D2: 3Food Manufacturing | E2: 4Textile Industry | F2: 5Saw Mills and Wood Products | G2: 6Paper and Paper Products | H2: 7Printing and Publishing | I2: 8Chemical Industries | J2: 9Petroleum Refineries | K2: 10Rubber and Plastic Products | L2: 11Non-metallic Products | M2: 12Basic Metal | N2: 13Fabricated Metal Products | O2: 14Electrical Machinery and Apparatus | P2: 15Industrial Machinery | Q2: 16Motor Vehcile | R2: 17Other Transportation Equipment | S2: 18Other Manufacturing Products | T2: 19Electricity and Water Works | U2: 20Construction | V2: 21Trade and Transport, Communication | W2: 22Accomodation and food service activities | X2: 23Banking and Insurance | Y2: 24Other Services | AA2: Shock
A3: 3Bangkok | B3: 1Agriculture | C3: =Step_4!C3 -> 1.0080399 | D3: =Step_4!D3 -> 0.003264127 | E3: =Step_4!E3 -> 0.0063361987 | F3: =Step_4!F3 -> 0.0012245718 | G3: =Step_4!G3 -> 0.00043001589 | H3: =Step_4!H3 -> 0.00096877094 | I3: =Step_4!I3 -> 0.00085712453 | J3: =Step_4!J3 -> 0.011315365 | ... Y3: =Step_4!Y3 -> 0 | AA3: 0
A4: 3Bangkok | B4: 3Food Manufacturing | C4: =Step_4!C4 -> 0.024908883 | D4: =Step_4!D4 -> 1.0012795 | E4: =Step_4!E4 -> 0.0014370474 | F4: =Step_4!F4 -> 0.0038019021 | G4: =Step_4!G4 -> 0.0015160191 | H4: =Step_4!H4 -> 0.003102001 | I4: =Step_4!I4 -> 0.00032857507 | J4: =Step_4!J4 -> 0.0013392429 | ... Y4: =Step_4!Y4 -> 0 | AA4: 0
A5: 3Bangkok | B5: 4Textile Industry | C5: =Step_4!C5 -> 0.0062534296 | D5: =Step_4!D5 -> 0.21981593 | E5: =Step_4!E5 -> 1.0020527 | F5: =Step_4!F5 -> 0.001651942 | G5: =Step_4!G5 -> 0.0021491994 | H5: =Step_4!H5 -> 0.0037008882 | I5: =Step_4!I5 -> 0.00057706788 | J5: =Step_4!J5 -> 0.0067822686 | ... Y5: =Step_4!Y5 -> 0 | AA5: 0
A6: 3Bangkok | B6: 5Saw Mills and Wood Products | C6: =Step_4!C6 -> 0.0011716692 | D6: =Step_4!D6 -> 0.022205788 | E6: =Step_4!E6 -> 0.099342181 | F6: =Step_4!F6 -> 1.0004571 | G6: =Step_4!G6 -> 0.00046996243 | H6: =Step_4!H6 -> 0.00078257603 | I6: =Step_4!I6 -> 0.00011851555 | J6: =Step_4!J6 -> 0.0012010562 | ... Y6: =Step_4!Y6 -> 0 | AA6: 0
A7: 3Bangkok | B7: 6Paper and Paper Products | C7: =Step_4!C7 -> 0.00075171437 | D7: =Step_4!D7 -> 0.0092909929 | E7: =Step_4!E7 -> 0.029559307 | F7: =Step_4!F7 -> 0.26624379 | G7: =Step_4!G7 -> 1.1156074 | H7: =Step_4!H7 -> 0.0025446636 | I7: =Step_4!I7 -> 0.00021882322 | J7: =Step_4!J7 -> 0.0017159787 | ... Y7: =Step_4!Y7 -> 0 | AA7: 0
A8: 3Bangkok | B8: 7Printing and Publishing | C8: =Step_4!C8 -> 0.00052082241 | D8: =Step_4!D8 -> 0.0028075218 | E8: =Step_4!E8 -> 0.0079346915 | F8: =Step_4!F8 -> 0.066917529 | G8: =Step_4!G8 -> 0.27931963 | H8: =Step_4!H8 -> 1.0009102 | I8: =Step_4!I8 -> 0.00011533056 | J8: =Step_4!J8 -> 0.00087953666 | ... Y8: =Step_4!Y8 -> 0 | AA8: 0
A9: 3Bangkok | B9: 8Chemical Industries | C9: =Step_4!C9 -> 0.060108574 | D9: =Step_4!D9 -> 0.049959266 | E9: =Step_4!E9 -> 0.037171472 | F9: =Step_4!F9 -> 0.080229264 | G9: =Step_4!G9 -> 0.18953497 | H9: =Step_4!H9 -> 0.37409669 | I9: =Step_4!I9 -> 1.0149796 | J9: =Step_4!J9 -> 0.15291575 | ... Y9: =Step_4!Y9 -> 0 | AA9: 0
A10: 3Bangkok | B10: 9Petroleum Refineries | C10: =Step_4!C10 -> 0.019542328 | D10: =Step_4!D10 -> 0.0090494825 | E10: =Step_4!E10 -> 0.0066220265 | F10: =Step_4!F10 -> 0.010554572 | G10: =Step_4!G10 -> 0.018523993 | H10: =Step_4!H10 -> 0.034456595 | I10: =Step_4!I10 -> 0.076107263 | J10: =Step_4!J10 -> 1.0195022 | ... Y10: =Step_4!Y10 -> 0 | AA10: 100
A11: 3Bangkok | B11: 10Rubber and Plastic Products | C11: =Step_4!C11 -> 0.0054840342 | D11: =Step_4!D11 -> 0.007859134 | E11: =Step_4!E11 -> 0.010399946 | F11: =Step_4!F11 -> 0.0054766409 | G11: =Step_4!G11 -> 0.010698489 | H11: =Step_4!H11 -> 0.0067009935 | I11: =Step_4!I11 -> 0.009011386 | J11: =Step_4!J11 -> 0.11917486 | ... Y11: =Step_4!Y11 -> 0 | AA11: 0
A12: 3Bangkok | B12: 11Non-metallic Products | C12: =Step_4!C12 -> 0.00078630993 | D12: =Step_4!D12 -> 0.0032360273 | E12: =Step_4!E12 -> 0.0028702835 | F12: =Step_4!F12 -> 0.0014228029 | G12: =Step_4!G12 -> 0.0017007785 | H12: =Step_4!H12 -> 0.0020622919 | I12: =Step_4!I12 -> 0.00078035873 | J12: =Step_4!J12 -> 0.0085932518 | ... Y12: =Step_4!Y12 -> 0 | AA12: 0
A13: 3Bangkok | B13: 12Basic Metal | C13: =Step_4!C13 -> 0.0015287959 | D13: =Step_4!D13 -> 0.0059864365 | E13: =Step_4!E13 -> 0.0069912058 | F13: =Step_4!F13 -> 0.0032371511 | G13: =Step_4!G13 -> 0.0046565477 | H13: =Step_4!H13 -> 0.0030085873 | I13: =Step_4!I13 -> 0.0009789381 | J13: =Step_4!J13 -> 0.0093474009 | ... Y13: =Step_4!Y13 -> 0 | AA13: 0
A14: 3Bangkok | B14: 13Fabricated Metal Products | C14: =Step_4!C14 -> 0.006509499 | D14: =Step_4!D14 -> 0.0057011785 | E14: =Step_4!E14 -> 0.011689161 | F14: =Step_4!F14 -> 0.0037581082 | G14: =Step_4!G14 -> 0.0088423779 | H14: =Step_4!H14 -> 0.0028154491 | I14: =Step_4!I14 -> 0.00075366498 | J14: =Step_4!J14 -> 0.005711591 | ... Y14: =Step_4!Y14 -> 0 | AA14: 0
... A25: 3Bangkok | B25: 24Other Services | C25: =Step_4!C25 -> 0.0054567646 | D25: =Step_4!D25 -> 0.01796761 | E25: =Step_4!E25 -> 0.012611622 | F25: =Step_4!F25 -> 0.019851883 | G25: =Step_4!G25 -> 0.017107905 | H25: =Step_4!H25 -> 0.008683452 | I25: =Step_4!I25 -> 0.0023910173 | J25: =Step_4!J25 -> 0.011097399 | ... Y25: =Step_4!Y25 -> 1 | AA25: 0
A27: 3Bangkok | B27: 1Agriculture | C27: {=MMULT(C3:Y25,AA3:AA25)} -> 1.1315365
A28: 3Bangkok | B28: 3Food Manufacturing | C28: 0.13392429
A29: 3Bangkok | B29: 4Textile Industry | C29: 0.67822686
A30: 3Bangkok | B30: 5Saw Mills and Wood Products | C30: 0.12010562
A31: 3Bangkok | B31: 6Paper and Paper Products | C31: 0.17159787
A32: 3Bangkok | B32: 7Printing and Publishing | C32: 0.087953666
A33: 3Bangkok | B33: 8Chemical Industries | C33: 15.291575
A34: 3Bangkok | B34: 9Petroleum Refineries | C34: 101.95022
A35: 3Bangkok | B35: 10Rubber and Plastic Products | C35: 11.917486
A36: 3Bangkok | B36: 11Non-metallic Products | C36: 0.85932518
A37: 3Bangkok | B37: 12Basic Metal | C37: 0.93474009
A38: 3Bangkok | B38: 13Fabricated Metal Products | C38: 0.5711591
A39: 3Bangkok | B39: 14Electrical Machinery and Apparatus | C39: 0.33559046
... A49: 3Bangkok | B49: 24Other Services | C49: 1.1097399
A51: 1Wages and Salaries | B51: 1Wages and Salaries | C51: ='BKK IO'!C27/'BKK IO'!C$32 -> 0.11498579 | D51: ='BKK IO'!E27/'BKK IO'!E$32 -> 0.051514013 | E51: ='BKK IO'!F27/'BKK IO'!F$32 -> 0.079212801 | F51: ='BKK IO'!G27/'BKK IO'!G$32 -> 0.095989234 | G51: ='BKK IO'!H27/'BKK IO'!H$32 -> 0.050801687 | H51: ='BKK IO'!I27/'BKK IO'!I$32 -> 0.051709501 | I51: ='BKK IO'!J27/'BKK IO'!J$32 -> 0.042585735 | J51: ='BKK IO'!K27/'BKK IO'!K$32 -> 0.015277162 | K51: ='BKK IO'!L27/'BKK IO'!L$32 -> 0.046649514 | ... Y51: ='BKK IO'!Z27/'BKK IO'!Z$32 -> 0.37661181
A54: Change in Wage ---> | C54: {=MMULT(C51:Y51,C27:C49)} -> 4.6190256
